 Dungeon Crawl Stone Soup version 0.17-a0-1311-gbcbd859 (webtiles) character file.

4174 ololoev the Carver (level 10, -13/69 HPs)
             Began as a Formicid Warper on June 8, 2015.
             Was a Priest of Cheibriados.
             Mangled by an orc warrior
             ... wielding a +0 scimitar
              (20 damage)
             ... on level 9 of the Dungeon.
             The game lasted 00:28:57 (9872 turns).

ololoev the Carver (Formicid Warper)                Turns: 9872, Time: 00:28:57

Health: -13/69     AC: 13    Str: 25    XL:     10   Next: 53%
Magic:  13/13      EV:  3    Int: 25    God:    Cheibriados [***...]
Gold:   229        SH:  8    Dex: 18    Spells: 3 memorised, 5 levels left

rFire  . . .     SeeInvis +     a - +0 falchion (flame)
rCold  . . .     Clarity  .     z - +0 plate armour
rNeg   . . .     SustAt   .     s - +0 shield
rPois  +         Gourm    .     (helmet unavailable)
rElec  .         Spirit   .     u - +0 cloak
rCorr  .         Warding  .     (no gloves)
rMut   .         Stasis   +     l - +0 pair of boots (curse)
MR     +....                    (no amulet)
Stlth  ..........               (no ring)
                                h - ring of poison resistance

@: very heavily drained, very slow, somewhat resistant to hostile enchantments,
extremely unstealthy
A: permanent stasis, dig shafts and tunnels, four strong arms, antennae 3,
rugged brown scales 1, strong 1
a: Dig, Shaft Self, Bend Time, Temporal Distortion, Renounce Religion


Innate Abilities, Weirdness & Mutations

You are under a permanent stasis effect.
You can dig through walls and to a lower floor.
Your four strong arms can wield two-handed weapons with a shield.
You have a pair of large antennae on your head (SInv).
You are partially covered in rugged brown scales (AC +1, +3% HP).
Your muscles are strong. (Str +2)

Inventory:

Hand weapons
 a - a +0 falchion of flaming (weapon)
 b - a +1 falchion of holy wrath
Missiles
 e - 5 tomahawks of dispersal (quivered)
Armour
 l - a cursed +0 pair of boots (worn)
 s - a +0 shield (worn)
 u - a +0 cloak (worn)
 z - a +0 plate armour (worn)
Jewellery
 h - a ring of poison resistance (left hand)
Magical devices
 v - a wand of draining (0)
Scrolls
 j - 3 scrolls of remove curse
 o - 4 scrolls of identify
 q - a scroll of fog
 r - a scroll of fear
 w - 2 scrolls of enchant weapon
 y - a scroll of enchant armour
Potions
 c - a potion of brilliance
 g - a potion of curing
 p - 3 potions of flight
 x - a potion of cancellation
 B - a potion of magic
Comestibles
 d - a beef jerky
 f - 4 bread rations
 i - 3 meat rations
 n - a slice of pizza


   Skills:
 - Level 2.1(0.0) Fighting
 * Level 10.0(0.7) Long Blades
 - Level 0.7(0.0) Throwing
 + Level 7.8(0.0) Armour
 - Level 1.7(0.0) Dodging
 + Level 8.0(0.0) Shields
 - Level 2.1(0.0) Spellcasting
 - Level 2.6(0.0) Translocations
 + Level 5.2(0.0) Invocations


You had 5 spell levels left.
You knew the following spells:

 Your Spells              Type           Power        Failure   Level  Hunger
a - Apportation           Tloc           #.........   100%        1    ##.....
b - Teleport Other        Tloc           #.......     100%        3    ####...
c - Passage of Golubria   Tloc           N/A          100%        4    #####..


You were on level 9 of the Dungeon.
You worshipped Cheibriados.
Cheibriados was most pleased with you.
You were not hungry.

You visited 2 branches of the dungeon, and saw 10 of its levels.

You collected 481 gold pieces.
You spent 252 gold pieces at shops.

*,,,,,*,,*,*,*,**,,,,,*,,,,,#
*,,_,,**,,,,,,,,,,***,*,,,,,#
*,,,,,**,*,*,,****##*.#****##
*,,,,,**,,,,,,,,,,,.*.* #.
*****##****,*##**##.#.******.
#.,,,,,,.#,..,#..,,,,,,.
#.######.#.##.#.########
#.......o...#.#.#...##..
#.#.#.#@#...#.#..##.##..
#.....oo....#.#.#.<....#
#.#.#.#.#...#.#.########
#...).....#.#.#.#
##.#.#.#.#.#.#.#.#
#..........#.#.#.#
#..#.#.#.#[....#.#
#...........##.#.#
#...../.....##...#

Notes
Turn   | Place    | Note
--------------------------------------------------------------
     0 | D:1      | ololoev the Formicid Warper began the quest for the Orb.
     0 | D:1      | Reached XP level 1. HP: 16/16 MP: 3/3
   428 | D:1      | Reached XP level 2. HP: 22/22 MP: 5/5
   528 | D:1      | Reached skill level 1 in Shields
   764 | D:1      | Reached XP level 3. HP: 17/27 MP: 6/6
  1118 | D:2      | Reached skill level 3 in Long Blades
  1292 | D:2      | Reached XP level 4. HP: 33/33 MP: 7/7
  1408 | D:2      | Noticed Jessica
  1446 | D:2      | Killed Jessica
  1807 | D:3      | Reached XP level 5. HP: 38/38 MP: 8/8
  2151 | D:3      | Noticed Zwobot's ghost (average DsAK)
  2188 | D:3      | Killed Zwobot's ghost
  2188 | D:3      | Reached skill level 4 in Long Blades
  2188 | D:3      | Reached XP level 6. HP: 25/44 MP: 9/9
  3107 | D:4      | Found Hettos's Jewellery Boutique.
  3198 | D:4      | Found Yhuoze's Magic Scroll Boutique.
  3205 | D:4      | Bought a scroll of identify for 24 gold pieces
  3205 | D:4      | Bought a scroll of random uselessness for 12 gold pieces
  3205 | D:4      | Bought a scroll of fog for 24 gold pieces
  3205 | D:4      | Bought a scroll of identify for 24 gold pieces
  3205 | D:4      | Bought a scroll of fear for 42 gold pieces
  3205 | D:4      | Bought a scroll of magic mapping for 42 gold pieces
  3205 | D:4      | Bought a scroll of amnesia for 42 gold pieces
  3216 | D:4      | Found Difaimet's Magic Scroll Shop.
  3681 | D:4      | Reached skill level 5 in Long Blades
  3681 | D:4      | Reached XP level 7. HP: 21/50 MP: 10/10
  3844 | D:4      | Bought a scroll of noise for 14 gold pieces
  3844 | D:4      | Bought a scroll of identify for 28 gold pieces
  3887 | D:4      | Found Ufaz's Food Emporium.
  4088 | D:5      | Entered Level 5 of the Dungeon
  4208 | D:5      | Found Etiats's Jewellery Boutique.
  4412 | D:5      | Noticed Edmund
  4424 | D:5      | Killed Edmund
  4433 | D:5      | Found Nyiles's Food Shop.
  4466 | D:5      | Reached skill level 6 in Long Blades
  4482 | D:5      | Found Etakhlott's Antique Armour Emporium.
  4499 | D:5      | Reached XP level 8. HP: 52/56 MP: 11/11
  4500 | D:5      | Noticed Blork the orc
  4519 | D:5      | Killed Blork the orc
  4744 | D:5      | Found a glowing golden altar of the Shining One.
  4905 | D:5      | Reached skill level 5 in Armour
  4905 | D:5      | Reached skill level 5 in Shields
  4914 | D:5      | Found a shattered altar of Ashenzari.
  5215 | D:5      | Found a snail-covered altar of Cheibriados.
  5224 | D:5      | Became a worshipper of Cheibriados the Contemplative
  5579 | D:5      | Reached skill level 7 in Long Blades
  5610 | D:5      | Gained mutation: Your muscles are strong. (Str +2) [mutagenic meat]
  5611 | D:5      | Gained mutation: You are partially covered in rugged brown scales (AC +1, +3% HP). [mutagenic meat]
  5900 | D:5      | Noticed Eustachio
  5916 | D:5      | Killed Eustachio
  5916 | D:5      | Reached XP level 9. HP: 26/59 MP: 12/12
  6014 | D:5      | Acquired Cheibriados's first power
  6282 | D:6      | Reached skill level 8 in Long Blades
  6282 | D:6      | Reached skill level 1 in Invocations
  6533 | D:6      | Found Ankutea's Jewellery Boutique.
  6984 | D:6      | Found an iron altar of Okawaru.
  6984 | D:6      | Found a deep blue altar of Sif Muna.
  6985 | D:6      | Found a burning altar of Makhleb.
  6995 | D:6      | Found a glowing silver altar of Zin.
  7686 | D:7      | Acquired Cheibriados's second power
  7874 | D:7      | Found a staircase to the Ecumenical Temple.
  7920 | Temple   | Entered the Ecumenical Temple
  8118 | D:7      | Learned a level 3 spell: Teleport Other
  8122 | D:7      | Reached skill level 9 in Long Blades
  8135 | D:7      | Learned a level 4 spell: Passage of Golubria
  8274 | D:8      | Noticed MordorOrchid's ghost (experienced SpAs)
  8489 | D:8      | Reached XP level 10. HP: 66/66 MP: 13/13
  8609 | D:8      | Found a bloodstained altar of Trog.
  9023 | D:8      | Noticed Grum
  9026 | D:8      | Killed Grum
  9186 | D:8      | Acquired Cheibriados's third power
  9531 | D:8      | Reached skill level 5 in Invocations
  9606 | D:9      | Noticed Prince Ribbit
  9667 | D:9      | Reached skill level 10 in Long Blades
  9872 | D:9      | Mangled by an orc warrior

Dungeon Overview and Level Annotations

Branches:
Dungeon (9/15)             Temple (1/1) D:7
   Lair: D:8-11         Orc: D:9-12

Altars:
Ashenzari
Cheibriados
Makhleb
Okawaru
Sif Muna
Trog
Zin
The Shining One

Shops:
D:4 ??=%   D:5 =%[   D:6 =

Annotations:
D:8 MordorOrchid's ghost, experienced SpAs
D:9 Prince Ribbit


Message History

The orc is heavily wounded.
The orc wizard hits you but does no damage.
The orc warrior hits you with a scimitar!
The orc hits you but does no damage. The orc wizard completely misses you.
You feel less invigorated.
You feel less confused.
Drink which item? (? for menu, Esc to quit)
You feel better.
Your shield and plate armour prevent you from hitting the orc warrior.
You block the orc warrior's attack.
The orc wizard hits you but does no damage.
The orc warrior hits you with a scimitar!
You hit the orc wizard. You burn the orc wizard.
The orc wizard is moderately wounded.
You block the orc wizard's attack.
The orc wizard hits you but does no damage.
You block the orc warrior's attack.
The orc priest shouts!
You slash the orc! You burn the orc.
You kill the orc!
Cheibriados appreciates the change of pace.
The orc wizard hits you but does no damage.
You closely miss the orc warrior. You hit the orc warrior.
You burn the orc warrior.
The orc warrior is lightly wounded.
The orc wizard looks braver.
You block the orc priest's attack. You block the orc warrior's attack.
You hit the orc warrior but do no damage.
The orc warrior is lightly wounded.
You block the orc priest's attack. The orc warrior barely misses you.
The orc wizard barely misses you.
You closely miss the orc warrior.
The orc warrior is lightly wounded.
The orc priest hits you with a falchion.
You block the orc warrior's attack.
The orc wizard hits you but does no damage.
The orc priest mumbles some strange prayers to Beogh against you.
Something smites you!
The orc warrior hits you with a scimitar!!
You die...

You could see an orc warrior, an orc priest and an orc wizard.

Vanquished Creatures
  A troll (D:9)
  A spriggan (D:8)
  Eustachio (D:5)
  Grum (D:8)
  Edmund (D:5)
  3 wolves (D:8)
  2 sky beasts
  2 ogres
  An ice beast (D:7)
  A phantom (D:7)
  A necrophage (D:5)
  The ghost of Zwobot the Skirmisher, an average DsAK of Lugonu (D:3)
  7 centaurs
  Blork the orc (D:5)
  2 giant frogs (D:7)
  3 scorpions
  4 killer bees (D:8)
  2 hounds (D:5)
  4 crimson imps
  A giant frog skeleton (D:3)
  A giant frog zombie (D:7)
  3 orc priests
  A centaur zombie (D:5)
  2 centaur skeletons
  Jessica (D:2)
  2 gnoll shamans
  4 iguanas
  8 worker ants
  7 orc wizards
  A killer bee zombie (D:6)
  A worker ant zombie (D:5)
  8 gnolls
  9 adders
  A shadow imp (D:5)
  An adder skeleton (D:5)
  An adder zombie (D:6)
  2 giant geckos
  18 orcs
  2 ball pythons
  17 bats
  A bat skeleton (D:8)
  3 giant cockroaches
  14 hobgoblins
  18 jackals
  5 quokkas
  6 giant newts
  10 goblins
  12 kobolds
  A quokka skeleton (D:8)
  10 rats
210 creatures vanquished.

Vanquished Creatures (others)
  A bat (D:6)
1 creature vanquished.

Grand Total: 211 creatures vanquished

Action                   |  1- 3 |  4- 6 |  7- 9 | 10-12 || total
-------------------------+-------+-------+-------+-------++-------
Melee: Falchion          |   117 |   332 |   642 |   144 ||  1235
       Long sword        |       |       |   148 |       ||   148
Invok: Bend Time         |       |       |     1 |     1 ||     2
       Slouch            |       |       |       |     1 ||     1
 Abil: Dig               |       |     1 |       |     1 ||     2
Evoke: Wand              |       |       |     4 |     5 ||     9
  Use: Scroll            |       |    11 |     8 |     3 ||    22
       Potion            |       |     6 |     6 |     3 ||    15
 Stab: Invisible         |       |     2 |     2 |       ||     4
  Eat: Chunk             |     1 |     6 |     6 |     2 ||    15
       Meat ration       |       |     1 |     1 |       ||     2
       Fruit             |       |     1 |       |       ||     1
       Pizza             |       |       |     1 |       ||     1

Vault maps used:
D:1:      co_arrival_random_square_maze, serial_bayou_pond_e,
          minmay_misc_feat_secret_circle
D:2:      nicolae_overflow_hidden_temple, first_bread, kennysheep_potato,
          uniq_jessica
D:4:      serial_shops, nicolae_shop_waterfront,
          nicolae_shop_competitors_out_of_business, shop,
          nicolae_shop_competitors_out_of_business
D:5:      grunt_temple_overflow_open, serial_shops, shop,
          nicolae_shop_temple_entry_statues_fountains, shop,
          nicolae_tso_carved_into_rock, uniq_blork_the_orc, uniq_edmund,
          uniq_eustachio
D:6:      nicolae_overflow_quartered_altars, serial_shops, shop
D:7:      minmay_temple_entry_poolview
D:8:      basic_altar, the_bakery, uniq_grum
D:9:      lemuel_ice_spiral_2, minmay_lair_entry_lava,
          minmay_orc_entry_temple_small, serial_co_window_serial,
          co_window_paths_a, co_window_cross_1, co_window_paths_b,
          co_window_corner_a, co_window_corner_a, co_window_cross_2,
          co_window_of_opportunity_c, co_window_2corner, co_window_corner_b,
          co_window_unsneaky_path_c, co_window_of_opportunity_b,
          glass_columns_c, glass_columns_a, uniq_prince_ribbit1
Temple:   jpeg_temple_clearing_12
